 Dungeon Crawl Stone Soup version 0.28-a0-697-g47f3eba078 (webtiles) character file.

Game seed: 16609380920776112820

76 omnomnOMINOUS the Stinger (level 4, -10/29 HPs)
             Began as an Octopode Wanderer on Oct 24, 2021.
             Was a Believer of Vehumet.
             Mangled by an ogre (13 damage)
             ... on level 2 of the Dungeon.
             The game lasted 00:06:13 (3520 turns).

omnomnOMINOUS the Stinger (Octopode Wanderer)       Turns: 3520, Time: 00:06:14

Health: -10/29     AC:  1    Str: 13    XL:     4   Next: 32%
Magic:  4/6        EV: 13    Int: 16    God:    Vehumet [**....]
Gold:   77         SH:  0    Dex:  8    Spells: 4/6 levels left

rFire   . . .      SeeInvis .   b - +0 scimitar
rCold   . . .      Faith    .   (no shield)
rNeg    . . .      Spirit   .   (helmet restricted)
rPois   .          Reflect  .   (no amulet)
rElec   .          Harm     .   (no ring)
rCorr   .          Rampage  .   (no ring)
Will    .....                   (no ring)
Stlth   ++........              (no ring)
HPRegen 0.09/turn               (no ring)
MPRegen 0.10/turn               (no ring)
                                (no ring)
                                (no ring)

@: no status effects
A: almost no armour, amphibious, 8 rings, camouflage 1, gelatinous body 1,
(nimble swimmer 1), tentacles
a: Renounce Religion


You were on level 2 of the Dungeon.
You worshipped Vehumet.
Vehumet was pleased with you.
You visited 1 branch of the dungeon, and saw 2 of its levels.

You collected 77 gold pieces.

Inventory:

Hand Weapons
 a - a +0 spear
 b - a +0 scimitar (weapon)
 c - a +0 shortbow
Missiles
 d - 59 arrows
Scrolls
 f - a scroll of identify {unknown}
 j - a scroll of torment {unknown}
 m - a scroll of fear {unknown}
Potions
 e - a potion of resistance {unknown}
 g - a potion of curing
 h - a potion of mutation {unknown}
 i - a potion of degeneration {unknown}
 k - a potion of invisibility {unknown}
 l - a potion of heal wounds {unknown}


   Skills:
 + Level 2.0 Fighting
 - Level 2.0 Bows
 + Level 2.0 Dodging
 - Level 1.0 Shields
 + Level 1.9 Spellcasting
 + Level 1.2 Conjurations
 - Level 2.0 Summonings
 - Level 2.4 Poison Magic
 - Level 1.1 Evocations


You had 4 spell levels left.
You knew the following spells:

 Your Spells              Type           Power      Damage    Failure   Level
a - Sting                 Tmut/Pois      20%        1d4       13%         1
b - Magic Dart            Conj           20%        1d4       12%         1

Your spell library contained the following spells:

 Spells                   Type           Power      Damage    Failure   Level
 Shock                    Conj/Air       12%        1d3       16%         1
 Poisonous Vapours        Pois/Air       10%        N/A       19%         2
 Mephitic Cloud           Conj/Pois/Air  5%         N/A       36%         3
 Olgreb's Toxic Radiance  Pois           9%         N/A       61%         4


Dungeon Overview and Level Annotations

Branches:
Dungeon (2/15)

Altars:
Vehumet


Innate Abilities, Weirdness & Mutations

You cannot wear most types of armour.
You are amphibious.
You can wear up to eight rings at the same time.
Your skin changes colour to match your surroundings (Stealth+).
Your rubbery body absorbs attacks. (AC +1, EV +1)
((You are camouflaged near water. (Stealth+)))
You have tentacles for arms and can constrict up to eight enemies at once.


Message History

The ogre is lightly wounded.
Casting: Magic Dart (safe; 12% risk of failure)
Confirm with . or Enter, or press ? or * to list all spells.
Aiming: Magic Dart (safe; 12% risk of failure)
Press: ? - help, Shift-Dir - straight line, f/p - ogre
Aim: an ogre, wielding a +0 giant spiked club (lightly wounded, 100% to hit)
The magic dart hits the ogre.
The ogre is lightly wounded.
Casting: Magic Dart (safe; 12% risk of failure)
Confirm with . or Enter, or press ? or * to list all spells.
You can't see any susceptible monsters within range! (Use Z to cast anyway.)
Casting: Magic Dart (safe; 12% risk of failure)
Confirm with . or Enter, or press ? or * to list all spells.
Aiming: Magic Dart (safe; 12% risk of failure)
Press: ? - help, Shift-Dir - straight line, f/p - ogre
Aim: an ogre, wielding a +0 giant spiked club (lightly wounded, 100% to hit)
The magic dart hits the ogre.
The ogre is moderately wounded.
Casting: Magic Dart (safe; 12% risk of failure)
Confirm with . or Enter, or press ? or * to list all spells.
Aiming: Sting (safe; 13% risk of failure)
Press: ? - help, Shift-Dir - straight line, f/p - ogre
Aim: an ogre, wielding a +0 giant spiked club (moderately wounded, 85% to hit)
The sting misses the ogre.
Things that are here:
a +0 dagger; a +0 club
Casting: Sting (safe; 13% risk of failure)
Confirm with . or Enter, or press ? or * to list all spells.
Aiming: Sting (safe; 13% risk of failure)
Press: ? - help, Shift-Dir - straight line, f/p - ogre
Aim: an ogre, wielding a +0 giant spiked club (lightly wounded, 85% to hit)
The sting hits the ogre.
The ogre is poisoned.
The ogre is moderately wounded.
You hit the ogre but do no damage. Your squeeze misses the ogre.
The ogre is moderately wounded.
The ogre hits you with a +0 giant spiked club!!
Ouch! That really hurt!
* * * LOW HITPOINT WARNING * * *
The ogre hits you with a +0 giant spiked club!
You die...

.#g##..#.##.#.###.#
#.##..#.##g#.##...###
O##.O#.##.#.##......###
##.#.†##O#.##.#...#...#
#.#..##.#.##.#.#....#.#
.#.g##.#.##.#.##....#.##
#.#.#.#.##.#.###....#..#####
##.#†#.##.#.## #....##.....#
.##.#.##.#.#####@)..##.....#
#.##.##.#.####.O...........#
.#.###.#.####..#....##.....#
#.#.#.#.####..##.##.########
##.#.#.####..##.....##
.##.#.####..###......#########
..##.####..####....#.........#
#..#####..####..######.......#
##..###..###...## ##......#


You could see an ogre (poisoned).

Vanquished Creatures
  Robin (D:2)
  2 worms (D:2)
  5 bats
  6 endoplasms
  A giant cockroach (D:1)
  5 goblins
  7 hobgoblins
  7 jackals (D:2)
  3 kobolds
  4 quokkas
  2 ball pythons (D:2)
  3 frilled lizards
  5 rats
51 creatures vanquished.

Vanquished Creatures (others)
  A plant (D:2)
1 creature vanquished.

Grand Total: 52 creatures vanquished

Notes
Turn   | Place    | Note
-------+----------+-------------------------------------------
     0 | D:1      | omnomnOMINOUS the Octopode Wanderer began the quest for the
                  | Orb.
     0 | D:1      | omnomnOMINOUS set off with the following items: a +0
                  | shortbow, 26 arrows, a potion of curing; and the following
                  | spell memorised: Sting; and the following spells available
                  | to memorise: Poisonous Vapours, Mephitic Cloud, Olgreb's
                  | Toxic Radiance
     0 | D:1      | Reached XP level 1. HP: 13/13 MP: 2/2
    88 | D:1      | Reached skill level 1 in Dodging
   262 | D:1      | Reached XP level 2. HP: 7/18 MP: 3/3
   618 | D:1      | Found a faded altar of an unknown god.
   623 | D:1      | Prayed at the altar of an unknown god.
   623 | D:1      | Became a worshipper of Vehumet
   623 | D:1      | Reached * piety under Vehumet
   623 | D:1      | Offered knowledge of Magic Dart by Vehumet.
   626 | D:1      | Learned a level 1 spell: Magic Dart
  1492 | D:2      | Reached XP level 3. HP: 23/23 MP: 5/5
  1822 | D:2      | Noticed Robin
  1822 | D:2      | Noticed an ogre
  1823 | D:2      | HP: 1/23 [ogre (14)]
  1877 | D:1      | HP: 1/23 [goblin[Robin] (4)]
  2423 | D:2      | Reached skill level 1 in Conjurations
  2660 | D:2      | Killed Robin
  2660 | D:2      | Reached ** piety under Vehumet
  2661 | D:2      | Reached XP level 4. HP: 28/29 MP: 1/6
  2672 | D:2      | Offered knowledge of Shock by Vehumet.
  3520 | D:2      | Mangled by an ogre

Illustrated notes

Levels and vault maps discovered:
D:1:      zaba_arrival_water, layout_basic,
          shapermc_ecumenical_altar_mp_urbaneastern
D:2:      minmay_inner_zag, layout_rooms, serial_bayou_ford_a, uniq_robin,
          uniq_crazy_yiuf_cottage

Skill      XL: |  1  2  3  4 |
---------------+-------------+-----
Dodging        | 1 2 |  2.0
Conjurations   | 1 |  1.2
Fighting       | 2 |  2.0
Bows           | |  2.0
Shields        | |  1.0
Spellcasting   | |  1.9
Summonings     | |  2.0
Poison Magic   | |  2.4
Evocations     | |  1.1

Action                   |  1- 3 |  4- 6 || total
-------------------------+-------+-------++-------
Melee: Flail             |    10 |       ||    10
       Constrict         |    16 |     7 ||    23
       Tentacles         |     6 |       ||     6
       Spear             |    33 |       ||    33
       Scimitar          |    40 |    29 ||    69
 Fire: Shortbow          |     7 |       ||     7
 Cast: Magic Dart        |     3 |     3 ||     6
       Sting             |     2 |     2 ||     4
 Stab: Sleeping          |     3 |       ||     3
Armor: Skin              |     5 |     3 ||     8
Dodge: Dodged            |    50 |    20 ||    70

Table legend: (Time is in decaauts)
 A = Elapsed time spent in this place.
 B = Non-inter-level travel time spent in this place.
 C = Inter-level travel time spent in this place.
 D = Time resting spent in this place.
 E = Time spent auto-exploring this place.
 F = Levels seen in this place.
 G = Mean time per level.
                   A        B        C        D        E       F      G
               +--------+--------+--------+--------+--------+-----+--------+
         Total |   3556 |   3482 |     74 |   1311 |   1647 |   2 | 1778.0 |
       Dungeon |   3556 |   3482 |     74 |   1311 |   1647 |   2 | 1778.0 |
               +--------+--------+--------+--------+--------+-----+--------+

Top non-repeatable levels by time:
     D:2: 1939 daAuts
     D:1: 1617 daAuts
